 Dungeon Crawl Stone Soup version 0.25-a0-591-g2ad0d861f1 (webtiles) character file.

Game seed: 11187420084729536792, levelgen mode: deterministic

6615 Lauz the Spear-Bearer (level 11, 0/87 HPs)
             Began as a Merfolk Gladiator on Mar 14, 2020.
             Was a High Priest of Okawaru.
             Slain by a shadow (10 damage)
             ... on level 9 of the Dungeon.
             The game lasted 00:30:18 (8821 turns).

Lauz the Spear-Bearer (Merfolk Gladiator)           Turns: 8821, Time: 00:30:18

Health: 0/87       AC: 10    Str: 19    XL:     11   Next: 2%
Magic:  15/15      EV: 15    Int:  7    God:    Okawaru [*****.]
Gold:   469        SH:  0    Dex: 15    Spells: 10/16 levels left

rFire    + . .     SeeInvis .   r - +0 halberd (venom)
rCold    . . .     Gourm    +   (shield currently unavailable)
rNeg     . . .     Faith    .   w - +4 scale mail {rF+}
rPois    .         Spirit   .   c - +0 helmet
rElec    .         Reflect  .   y - +0 cloak
rCorr    .         Harm     .   (no gloves)
MR       +....                  t - +0 pair of boots
Stlth    ..........             n - amulet of the gourmand
HPRegen  0.24/turn              F - ring of protection from magic
MPRegen  0.14/turn              (no ring)

@: corroded, stab, lightly drained
A: change form in water, swift swim, stealthy swim
a: Heroism, Finesse, Renounce Religion


You were on level 9 of the Dungeon.
You worshipped Okawaru.
Okawaru was extremely pleased with you.
You were completely stuffed.

You visited 2 branches of the dungeon, and saw 10 of its levels.

You collected 469 gold pieces.

Inventory:

Hand Weapons
 a - a +0 trident
 r - a +0 halberd of venom (weapon)
 x - a +0 scythe
Missiles
 d - 4 throwing nets (quivered)
 E - 3 silver javelins
Armour
 b - a +0 leather armour
 c - a +0 helmet (worn)
 t - a +0 pair of boots (worn)
 w - a +4 scale mail of fire resistance (worn)
 y - a +0 cloak (worn)
 z - a +0 kite shield
 H - a +0 pair of boots
 J - +2 steam dragon scales
Jewellery
 n - an amulet of the gourmand (around neck)
 F - a ring of protection from magic (left hand)
 L - an uncursed amulet of harm
 Q - a cursed ring of teleportation
Wands
 v - a wand of iceblast (13)
 C - a wand of random effects (21)
 K - a wand of enslavement (3)
 P - a wand of flame (19)
Scrolls
 h - 7 scrolls of identify
 j - 6 scrolls of remove curse
 k - a scroll of enchant weapon {unknown}
 m - 3 scrolls of magic mapping
 o - a scroll of enchant armour {unknown}
 q - 2 scrolls of teleportation
 B - 2 scrolls of fear {unknown}
 D - 3 scrolls of amnesia {unknown}
 G - 2 scrolls of random uselessness {unknown}
 I - 2 scrolls of immolation {unknown}
 N - a scroll of brand weapon {unknown}
 O - a scroll of noise {unknown}
Potions
 e - 2 potions of heal wounds {unknown}
 g - 6 potions of curing
 i - a potion of brilliance {unknown}
 l - 4 potions of stabbing
 p - 2 potions of berserk rage {unknown}
 s - 2 potions of lignification {unknown}
 u - 3 potions of haste {unknown}
 A - a potion of magic {unknown}
 M - a potion of cancellation {unknown}
Comestibles
 f - 13 rations
 R - 6 chunks of flesh


   Skills:
 * Level 8.4(7.9) Fighting
 + Level 14.4(13.8) Polearms
 - Level 2.2(1.7) Throwing
 + Level 5.1(4.6) Armour
 * Level 8.9(8.4) Dodging
 - Level 0.8(0.4) Stealth
 + Level 3.0(2.5) Spellcasting
 + Level 3.5(3.1) Ice Magic


You had 10 spell levels left.
You knew the following spells:

 Your Spells              Type           Power        Failure   Level  Hunger
a - Freezing Cloud        Conj/Ice/Air   #.........   100%        6    #######

Your spell library contained the following spells:

 Spells                   Type           Power        Failure   Level  Hunger
 Shock                    Conj/Air       #...         71%         1    ##.....
 Poisonous Vapours        Pois/Air       #.....       83%         2    ###....
 Swiftness                Chrm/Air       #.......     83%         2    ###....
 Confusing Touch          Hex            #.......     97%         3    ####...
 Conjure Flame            Conj/Fire      #.......     97%         3    ####...
 Gell's Gravitas          Tloc           #.........   97%         3    ####...
 Mephitic Cloud           Conj/Pois/Air  #.......     97%         3    ####...
 Static Discharge         Conj/Air       #.......     97%         3    ####...
 Airstrike                Air            #.........   100%        4    #####..
 Petrify                  Tmut/Erth      #.......     100%        4    #####..
 Lightning Bolt           Conj/Air       #.........   100%        5    ######.
 Metabolic Englaciation   Hex/Ice        #.........   100%        5    ######.
 Yara's Violent Unravell  Hex/Tmut       #.........   100%        5    ######.
 Ring of Flames           Chrm/Fire      #.........   100%        7    #######


Dungeon Overview and Level Annotations

Branches:
Dungeon (9/15)             Temple (1/1) D:4
   Lair: D:8-11         Orc: D:9-12

Altars:
Ashenzari
Cheibriados
Dithmenos
Elyvilon
Fedhas
Gozag
Hepliaklqana
Kikubaaqudgha
Makhleb
Nemelex Xobeh
Okawaru
Qazlal
Ru
Sif Muna
Trog
Uskayaw
Vehumet
Wu Jian
Xom
Yredelemnul
Zin
The Shining One

Annotations:
D:6 exclusion: oklob plant


Message History

The shadow slips into darkness.
The shadow flickers and vanishes!
Deactivating autopickup; reactivate with Ctrl-A.
You puncture something!
The shadow strikes at you from the darkness!
* * * LOW HITPOINT WARNING * * *
Reactivating autopickup.
You closely miss the shadow.
The shadow is heavily damaged.
The shadow hits you.
* * * LOW HITPOINT WARNING * * *
Okay, then.
You feel better. The shadow hits you!
* * * LOW HITPOINT WARNING * * *
You feel better. The shadow hits you.
* * * LOW HITPOINT WARNING * * *
It was a potion of stabbing.
You feel ready to backstab. The shadow hits you!
You die...

########### #.........#
######### #.........#
#........ #.........#
###........
#.........###..........
#.........##..#........
#....>....##W##..zJW...
#.........##@##........
#.........##.##........
#.........##.##........
#............##.........
#.........#####........
####[###### ###.....###
#.[).# #####...## ##
######<### #........# .#
#........#
#####....(...#


You could see a shadow.

Vanquished Creatures
  An unseen horror (D:7)
  Pikel (D:6)
  Maggie (D:8)
  A gargoyle (D:8)
  Prince Ribbit (D:7)
  A troll (D:9)
  A hippogriff (D:7)
  Sigmund (D:3)
  A wyvern (D:9)
  An ice beast (D:5)
  4 orc warriors
  A sky beast (D:8)
  2 eyes of draining (D:9)
  6 ogres
  2 phantoms
  A centaur (D:8)
  A crocodile (D:8)
  2 bullfrogs
  2 big kobolds
  3 scorpions
  4 killer bees (D:8)
  14 wights
  3 howler monkeys
  4 crimson imps
  2 bullfrog zombies (D:8)
  3 hounds
  4 jellies
  3 orc priests
  A quasit (D:9)
  Crazy Yiuf (D:3)
  7 orc wizards
  An iguana (D:5)
  Ijyb (D:3)
  Natasha (twice) (D:3)
  Terence (D:3)
  5 worker ants
  A hound zombie (D:5)
  A hound skeleton (D:4)
  Robin (D:3)
  8 gnolls
  7 adders
  2 oozes
  2 adder zombies
  3 worms
  3 dart slugs
  3 leopard geckos
  34 orcs
  5 bats
  2 giant cockroaches
  9 hobgoblins
  8 jackals
  5 quokkas
  2 ball pythons
  5 frilled lizards
  15 goblins
  2 jackal zombies
  13 kobolds
  A quokka skeleton (D:8)
  11 rats
233 creatures vanquished.

Vanquished Creatures (others)
  An adder (D:6)
  3 jackals (D:6)
4 creatures vanquished.

Grand Total: 237 creatures vanquished

Notes
Turn   | Place    | Note
-------+----------+-------------------------------------------
     0 | D:1      | Lauz the Merfolk Gladiator began the quest for the Orb.
     0 | D:1      | Reached XP level 1. HP: 16/16 MP: 1/1
   232 | D:1      | Reached XP level 2. HP: 22/22 MP: 2/2
   711 | D:2      | Reached skill level 5 in Polearms
   711 | D:2      | Reached XP level 3. HP: 28/28 MP: 3/3
   763 | D:1      | HP: 1/28 [gnoll/+0 flail (10)]
  1006 | D:2      | Reached XP level 4. HP: 34/34 MP: 4/4
  1245 | D:2      | Found a glowing silver altar of Zin.
  1246 | D:2      | Found an opulent altar of Gozag.
  1419 | D:3      | Reached skill level 6 in Polearms
  1419 | D:3      | Reached skill level 1 in Armour
  1429 | D:3      | Reached XP level 5. HP: 18/40 MP: 5/5
  1956 | D:3      | Noticed Natasha
  1963 | D:3      | Killed Natasha
  1963 | D:3      | Reached skill level 5 in Dodging
  2075 | D:3      | Noticed Ijyb
  2086 | D:3      | Killed Ijyb
  2125 | D:3      | Noticed Sigmund
  2130 | D:3      | Killed Sigmund
  2130 | D:3      | Reached skill level 7 in Polearms
  2130 | D:3      | Reached XP level 6. HP: 48/48 MP: 6/6
  2147 | D:3      | Found a snail-covered altar of Cheibriados.
  2340 | D:3      | Found a runed translucent door.
  2341 | D:3      | Noticed Crazy Yiuf
  2368 | D:3      | Noticed Natasha
  2373 | D:3      | Killed Natasha
  2419 | D:3      | Noticed Terence
  2424 | D:3      | Killed Terence
  2514 | D:3      | Noticed Robin
  2693 | D:3      | Reached XP level 7. HP: 53/53 MP: 7/7
  2697 | D:3      | Killed Robin
  2895 | D:3      | Killed Crazy Yiuf
  3156 | D:4      | Reached skill level 8 in Polearms
  3317 | D:4      | Found a staircase to the Ecumenical Temple.
  3350 | D:4      | Learned a level 6 spell: Freezing Cloud
  3463 | D:4      | Found a sparkling altar of Nemelex Xobeh.
  3747 | D:4      | Noticed a moth of wrath
  3750 | D:4      | Found a bloodstained altar of Trog.
  3813 | Temple   | Entered the Ecumenical Temple
  3866 | Temple   | Became a worshipper of Warmaster Okawaru
  4012 | D:5      | Entered Level 5 of the Dungeon
  4061 | D:5      | Reached skill level 1 in Spellcasting
  4071 | D:5      | Reached skill level 9 in Polearms
  4071 | D:5      | Reached skill level 1 in Ice Magic
  4127 | D:5      | Reached XP level 8. HP: 59/60 MP: 9/9
  4648 | D:5      | Reached * piety under Okawaru
  4765 | D:5      | Reached skill level 10 in Polearms
  5063 | D:6      | Noticed Pikel
  5069 | D:6      | Killed Pikel
  5069 | D:6      | Reached ** piety under Okawaru
  5069 | D:6      | Reached skill level 5 in Fighting
  5069 | D:6      | Reached skill level 11 in Polearms
  5069 | D:6      | Reached XP level 9. HP: 51/68 MP: 11/13
  5258 | D:6      | Found an ornate altar of the Wu Jian Council.
  5260 | D:6      | Found a radiant altar of Vehumet.
  5676 | D:6      | Found a blossoming altar of Fedhas.
  5977 | D:6      | Noticed an oklob plant
  6431 | D:7      | Found a shadowy altar of Dithmenos.
  6493 | D:7      | Killed an unseen horror
  6493 | D:7      | Reached *** piety under Okawaru
  6493 | D:7      | Reached skill level 12 in Polearms
  6763 | D:7      | Noticed Prince Ribbit
  6772 | D:7      | Killed Prince Ribbit
  6842 | D:7      | Reached XP level 10. HP: 71/77 MP: 14/14
  7169 | D:8      | Reached **** piety under Okawaru
  7207 | D:8      | Noticed Maggie
  7221 | D:8      | Killed Maggie
  7221 | D:8      | Reached skill level 13 in Polearms
  7865 | D:9      | Received a gift from Okawaru
  7970 | D:9      | Noticed a gargoyle
  8055 | D:8      | Killed a gargoyle
  8055 | D:8      | Reached ***** piety under Okawaru
  8353 | D:9      | Reached skill level 5 in Armour
  8410 | D:9      | Reached skill level 14 in Polearms
  8472 | D:8      | Found a hide-covered altar of Uskayaw.
  8472 | D:8      | Found a glowing golden altar of the Shining One.
  8805 | D:9      | Reached XP level 11. HP: 83/87 MP: 15/15
  8817 | D:9      | HP: 4/87 [something (29)]
  8821 | D:9      | Slain by a shadow

Levels and vault maps discovered:
D:1:      psy_arrival_whirlpool, layout_loops_ring
D:2:      layout_rooms, grunt_temple_overflow_gold_and_silver
D:3:      kennysheep_goblin_castle, layout_loops_corners,
          overflow_temple_1_default, first_ration, hangedman_decor_peaks_small,
          minmay_misc_feat_hallway, minmay_crystal_room,
          kennysheep_generic_room_10, uniq_ijyb, uniq_sigmund, uniq_natasha,
          uniq_crazy_yiuf_cottage, uniq_terence
D:4:      layout_basic, old_standard_altar, minmay_temple_entry_offerings,
          tgw_trog
D:5:      layout_loops_ring
D:6:      layout_layer_cave, tgw_fedhas, grunt_temple_overflow_open, uniq_pikel
D:7:      cheibrodos_quashed, layout_basic, nicolae_overflow_crystal_walls,
          uniq_prince_ribbit1
D:8:      layout_basic, nicolae_overflow_hidden_temple, uniq_maggie
D:9:      layout_roguey
Temple:   minmay_temple_bridge_abc

Skill      XL: |  1  2  3  4  5  6  7  8  9 10 |
---------------+-------------------------------+-----
Polearms       | 5 6 7 9 11 12 14 | 14.4
Armour         | 1 2 3 4 5 |  5.1
Dodging        | 5 6 7 8 |  8.9
Fighting       | 3 4 5 6 8 |  8.4
Spellcasting   | 1 2 3 |  3.0
Ice Magic      | 1 3 |  3.5
Throwing       | |  2.2
Stealth        | |  0.8

Action                   |  1- 3 |  4- 6 |  7- 9 | 10-12 || total
-------------------------+-------+-------+-------+-------++-------
Melee: Trident           |    71 |    16 |       |       ||    87
       Halberd           |       |   127 |   310 |   296 ||   733
  Use: Potion            |     1 |       |       |     3 ||     4
       Scroll            |       |       |     3 |     2 ||     5
 Stab: Sleeping          |     1 |       |       |       ||     1
  Eat: Chunk             |       |    12 |    15 |     7 ||    34
Armor: Leather armour    |    21 |     6 |       |       ||    27
       Scale mail        |       |    22 |   105 |    84 ||   211
Dodge: Dodged            |    49 |    76 |   165 |   137 ||   427

Table legend:
 A = Non-vault XP
 B = Vault XP
 C = Vault XP percentage of total XP
 D = Non-vault monster count
 E = Vault monster count
 F = Vault count percentage of total count
                 A         B        C        D         E       F
            +---------+---------+-------+---------+---------+-------
      Total |    7650 |    1801 |  19.1 |     199 |      34 |  14.6
            +---------+---------+-------+---------+---------+-------
        D:1 |      49 |       0 |   0.0 |      15 |       0 |   0.0
        D:2 |      77 |       0 |   0.0 |      18 |       0 |   0.0
        D:3 |     121 |     427 |  77.9 |      21 |      26 |  55.3
        D:4 |     303 |       9 |   2.9 |      17 |       5 |  22.7
        D:5 |     886 |       0 |   0.0 |      21 |       0 |   0.0
        D:6 |     363 |     651 |  64.2 |      11 |       1 |   8.3
        D:7 |    1933 |     286 |  12.9 |      22 |       1 |   4.3
        D:8 |    1703 |     428 |  20.1 |      30 |       1 |   3.2
        D:9 |    2215 |       0 |   0.0 |      44 |       0 |   0.0
            +---------+---------+-------+---------+---------+-------
